 Dungeon Crawl Stone Soup version 0.31-a0-7-g51783674b7 (webtiles) character file.

Game seed: 7410628984894013033

49 Dittersdorf the Trooper (level 3, -2/24 HPs)
             Began as a Gargoyle Fighter on May 5, 2023.
             Slain by a worm (7 damage)
             ... on level 3 of the Dungeon.
             The game lasted 00:02:15 (1814 turns).

Dittersdorf the Trooper (Gargoyle Fighter)          Turns: 1814, Time: 00:02:15

Health: -2/24      AC: 10    Str: 21    XL:     3   Next: 75%
Magic:  3/3        EV:  9    Int:  8    God:
Gold:   70         SH:  5    Dex: 15    Spells: 2/2 levels left

rFire   . . .        a - +0 flail
rCold   . . .        c - +0 buckler
rNeg    + . .        b - +0 scale mail
rPois   ∞            (no helmet)
rElec   +            (no cloak)
rCorr   .            (no gloves)
SInv    .            (no boots)
Will    .....        (no amulet) Stlth
                     p - +6 ring of dexterity
HPRegen 0.24/turn    (no ring)
MPRegen 0.08/turn

%: no passive effects
@: no status effects
A: sickness immunity, AC +3, negative energy resistance 1, electricity
resistance, torment resistance 1, petrification resistance
a: no special abilities


You were on level 3 of the Dungeon.
You visited 1 branch of the dungeon, and saw 3 of its levels.

You collected 70 gold pieces.

Inventory:

Hand Weapons
 a - a +0 flail (weapon)
Armour
 b - a +0 scale mail (worn)
 c - a +0 buckler (worn)
 j - a +0 plate armour
Jewellery
 p - a +6 ring of dexterity (left hand)
Scrolls
 f - a scroll of magic mapping {unknown}
 g - 2 scrolls of blinking {unknown}
 h - a scroll of enchant weapon {unknown}
 k - a scroll of fog {unknown}
 l - a scroll of identify {unknown}
 m - a scroll of amnesia {unknown}
 n - 2 scrolls of poison {unknown}
 q - a scroll of vulnerability {unknown}
Potions
 d - 3 potions of might
 e - a potion of cancellation {unknown}
 i - 2 potions of degeneration {unknown}
 o - a potion of mutation {unknown}
 r - a potion of invisibility {unknown}


   Skills:
 + Level 3.8 Fighting
 + Level 2.6 Maces & Flails
 + Level 3.7 Armour
 + Level 3.7 Shields


You had 2 spell levels left.
You didn't know any spells.
Your spell library was empty.

Dungeon Overview and Level Annotations

Branches:
Dungeon (3/15)

Altars:


Innate Abilities, Weirdness & Mutations

You are immune to sickness and miasma.
Your stone body is resilient. (AC +3)
You are immune to poison.
You resist negative energy. (rN+)
You are resistant to electric shocks. (rElec)
You are resistant to unholy torment.
You are immune to petrification.


Message History

The orc hits you with a +0 dagger. The orc hits you with a +0 falchion.
You closely miss something.
You feel less confused. You block the kobold's attack.
The orc hits you with a +0 falchion.
* * * LOW HITPOINT WARNING * * *
The orc attacks as you move away! The orc hits you with a +0 falchion.
* * * LOW HITPOINT WARNING * * *
The kobold attacks as you move away! The kobold closely misses you.
Something hits you.
* * * LOW HITPOINT WARNING * * *
A worm comes into view.
The worm moves out of view.
You hit the kobold.
You kill the kobold!
An orc wizard appears from thin air!
Reactivating autopickup.
The orc wizard barely misses you.
You hit the orc wizard.
The orc wizard is severely wounded.
The orc wizard hits you with a +0 dagger.
* * * LOW HITPOINT WARNING * * *
You closely miss the orc wizard.
The orc wizard is severely wounded.
You hit the orc.
The orc is moderately wounded.
You sock the orc!
You kill the orc!
The orc wizard casts a spell at you.
The magic dart hits you but does no damage.
The orc barely misses you.
You thump the orc!
You kill the orc!
You hit the worm.
The worm is lightly wounded.
The orc wizard hits you but does no damage.
You thump the worm!
The worm is severely wounded.
You block the orc wizard's attack. The worm closely misses you.
The worm bites you!
You die...

###w# ... #..o#
...... #.### # #
...### #.#.####.#
#...#G ..
#..#o....###...###.#
#<#.#.##....)......#
#.....####.........
#..#.owow(.......#
##
##...o##@........#
.. ####.#####.....##
# #..........## # #
#######.#.## #.##
##.### #... #..(#
#... #...# ####
#...####### #.
###.........# #)


You could see 2 worms, an orc wizard and an orc.

Vanquished Creatures
  An adder (D:2)
  2 dart slugs
  2 orcs (D:3)
  An endoplasm (D:2)
  3 giant cockroaches
  2 goblins
  A hobgoblin (D:2)
  3 jackals (D:1)
  2 quokkas (D:3)
  2 ball pythons (D:1)
  5 bats
  2 frilled lizards
  3 kobolds
  3 rats
32 creatures vanquished.

Notes
Turn   | Place    | Note
-------+----------+-------------------------------------------
     0 | D:1      | Dittersdorf the Gargoyle Fighter began the quest for the
                  | Orb.
     0 | D:1      | Reached XP level 1. HP: 14/14 MP: 1/1
   210 | D:1      | Reached XP level 2. HP: 19/19 MP: 2/2
  1103 | D:2      | Reached XP level 3. HP: 20/23 MP: 3/3
  1688 | D:3      | Identified the +1 helmet of Gogomnu {Str+5}
  1763 | D:3      | Noticed a shining eye
  1814 | D:3      | Slain by a worm

Illustrated notes

Levels and vault maps discovered:
D:1:      dpeg_arrival_lava_temple_mockup, layout_basic, nrook_mini_backslash
D:2:      layout_loops_cross
D:3:      layout_loops_cross, hellmonk_ecumenical_altar_watching_god,
          serial_shops, shop, corexii_corridor_pit,
          chequers_serial_rivers_small_a, uniq_robin

Action                     || total
---------------------------++-------
  Melee: Flail             ||   112
 Armour: Scale mail        ||    80
  Dodge: Dodged            ||    60
  Block: Buckler           ||    24

Table legend: (Time is in decaauts)
 A = Elapsed time spent in this place.
 B = Non-inter-level travel time spent in this place.
 C = Inter-level travel time spent in this place.
 D = Time resting spent in this place.
 E = Time spent auto-exploring this place.
 F = Levels seen in this place.
 G = Mean time per level.
                   A        B        C        D        E       F      G
               +--------+--------+--------+--------+--------+-----+--------+
         Total |   1847 |   1744 |    103 |      0 |   1452 |   3 |  615.7 |
       Dungeon |   1847 |   1744 |    103 |      0 |   1452 |   3 |  615.7 |
               +--------+--------+--------+--------+--------+-----+--------+

Top non-repeatable levels by time:
     D:1: 943 daAuts
     D:2: 696 daAuts
     D:3: 208 daAuts
